 Dungeon Crawl Stone Soup version 0.27-a0-1184-ge86db4a01e (webtiles) character file.

Game seed: 10413019700851212169

304 leviel the Poker (level 6, -7/79 HPs)
             Began as a Minotaur Monk on May 18, 2021.
             Killed by divine providence
             ... invoked by an orc priest
              (16 damage)
             ... on level 4 of the Dungeon.
             The game lasted 00:04:59 (3661 turns).

leviel the Poker (Minotaur Monk)                    Turns: 3661, Time: 00:05:01

Health: -7/79      AC:  9    Str: 17    XL:     6   Next: 15%
Magic:  5/5        EV: 19    Int:  7    God:
Gold:   244        SH:  0    Dex: 13    Spells: 5/5 levels left

rFire    + . .     SeeInvis .   m - +0 halberd
rCold    . . .     Faith    .   (shield currently unavailable)
rNeg     . . .     Spirit   .   f - +0 scale mail
rPois    .         Reflect  .   (helmet restricted)
rElec    .         Harm     .   (no cloak)
rCorr    .         Rampage  .   g - +2 pair of gloves
Will     .....                  (no boots)
Stlth    ..........             (no amulet)
HPRegen  0.23/turn              d - +4 ring of evasion
MPRegen  0.09/turn              n - +4 ring of evasion

@: confused, berserking, very quick
A: horns 2, retaliatory headbutt, fire resistance 1, subdued magic 1
a: no special abilities


You were on level 4 of the Dungeon.
You visited 2 branches of the dungeon, and saw 5 of its levels.

You collected 244 gold pieces.

Inventory:

Hand Weapons
 m - a +0 halberd (weapon)
Armour
 f - a +0 scale mail (worn)
 g - a +2 pair of gloves (worn)
Jewellery
 a - an amulet of reflection
 d - a +4 ring of evasion (left hand)
 k - a +6 ring of dexterity
 n - a +4 ring of evasion (right hand)
Scrolls
 e - a scroll of magic mapping
 i - 2 scrolls of teleportation
Potions
 c - a potion of magic
 l - 2 potions of attraction


   Skills:
 + Level 4.7 Fighting
 + Level 6.1 Polearms
 + Level 2.5 Armour
 + Level 4.1 Dodging
 + Level 2.5 Stealth


You had 5 spell levels left.
You didn't know any spells.
Your spell library contained the following spells:

 Spells                   Type           Power      Damage    Failure   Level
 Magic Dart               Conj           0%         1d3       80%         1
 Searing Ray              Conj           0%         3d3       91%         2
 Dazzling Flash           Conj/Hex       0%         N/A       99%         3
 Fulminant Prism          Conj/Hex       0%         3d6       100%        4
 Iskenderun's Mystic Bla  Conj/Tloc      0%         2d3       100%        4


Dungeon Overview and Level Annotations

Branches:
Dungeon (4/15)             Temple (1/1) D:4

Altars:
Ashenzari
Cheibriados
Dithmenos
Elyvilon
Fedhas
Gozag
Hepliaklqana
Kikubaaqudgha
Makhleb
Okawaru
Ru
Sif Muna
Trog
Uskayaw
Vehumet
Xom
Yredelemnul
Zin
The Shining One

Shops:
D:2 :   D:3 ?


Innate Abilities, Weirdness & Mutations

You have a pair of horns on your head.
You reflexively headbutt those who attack you in melee.
Your flesh is heat resistant. (rF+)
Your spells are a little easier to cast, but a little less powerful.


Message History

The orc is moderately wounded.
The orc priest calls down the wrath of Beogh upon you.
Beogh smites you! The orc wizard casts a spell at you.
You are confused.
The orc closely misses you. The hobgoblin barely misses you.
The orc closely misses you. The orc wizard closely misses you.
The orc priest misses you.
You are too confused!
You are too confused!
Unknown command.
You are too confused!
You closely miss the orc wizard. You headbutt the orc wizard!
The orc wizard is heavily wounded.
The hobgoblin hits you. The orc completely misses you.
The orc priest invokes the aid of Beogh against you.
Pain shoots through your body! The orc wizard misses you.
You are too confused!
Unknown command.
The orc barely misses you. The hobgoblin misses you.
The orc completely misses you. The orc wizard completely misses you.
The orc priest calls down the wrath of Beogh upon you.
Pain shoots through your body!
* * * LOW HITPOINT WARNING * * *
Unknown command.
You're too confused to move!
The orc barely misses you. The hobgoblin completely misses you.
The orc hits you with a +0 hand axe.
* * * LOW HITPOINT WARNING * * *
The orc priest calls down the wrath of Beogh upon you.
Beogh smites you!
* * * LOW HITPOINT WARNING * * *
The orc wizard points at you and mumbles some strange words.
You are more confused.
A red film seems to cover your vision as you go berserk!
You feel yourself moving faster!
You feel mighty! The orc closely misses you.
The hobgoblin completely misses you. The orc hits you but does no damage.
The orc wizard barely misses you.
The orc priest calls down the wrath of Beogh upon you.
Beogh smites you!
You die...

###### #### #....#
.....### #....#
#.....#.. . # #....#
#.....#.. .. #. #>..§#
#.....#..
...#'##..§§#####.....#..
#.....§§§§§§§......##..
.#.....oo§§§§§......#...
.'....o@)§§§§.......#...
.#.....go...........#...
#....#'##......#####...
#....#..#......#..'....
#....#..#......#..##...
#... #..#......#..##...
.'... #..#......#...#...
##.. ####......#...#...
..........#...'...


You could see an orc priest, an orc wizard, 2 orcs and a hobgoblin.

Vanquished Creatures
  An orc warrior (D:3)
  A bullfrog (D:4)
  An orc priest (D:4)
  An orc wizard (D:3)
  An adder (D:4)
  A worm (D:4)
  3 dart slugs
  5 orcs
  6 ball pythons
  6 bats
  5 endoplasms
  A giant cockroach (D:2)
  11 goblins
  4 hobgoblins
  5 jackals
  2 quokkas
  A kobold (D:2)
  8 rats
63 creatures vanquished.

Notes
Turn   | Place    | Note
-------+----------+-------------------------------------------
     0 | D:1      | leviel the Minotaur Monk began the quest for the Orb.
     0 | D:1      | Reached XP level 1. HP: 19/19 MP: 0/0
    69 | D:1      | Found a faded altar of an unknown god.
   259 | D:1      | Reached skill level 4 in Polearms
   335 | D:1      | Reached XP level 2. HP: 27/27 MP: 1/1
  1416 | D:2      | Reached XP level 3. HP: 33/33 MP: 2/2
  1632 | D:2      | Found Hiom's Book Boutique.
  2056 | D:3      | Noticed an orc warrior
  2098 | D:3      | Reached XP level 4. HP: 29/40 MP: 3/3
  2101 | D:3      | Gained mutation: Your spells are a little easier to cast,
                  | but a little less powerful. [potion of mutation]
  2101 | D:3      | Gained mutation: Your flesh is heat resistant. (rF+)
                  | [potion of mutation]
  2115 | D:3      | Killed an orc warrior
  2116 | D:3      | Reached skill level 5 in Polearms
  2116 | D:3      | Reached skill level 1 in Armour
  2116 | D:3      | Reached XP level 5. HP: 10/47 MP: 4/4
  2551 | D:3      | Found Ceneb's Magic Scroll Shoppe.
  2866 | D:4      | Found a staircase to the Ecumenical Temple.
  2878 | Temple   | Entered the Ecumenical Temple
  3047 | D:4      | Found a blossoming altar of Fedhas.
  3047 | D:4      | Found an ancient bone altar of Kikubaaqudgha.
  3477 | D:4      | Reached skill level 6 in Polearms
  3477 | D:4      | Reached XP level 6. HP: 53/53 MP: 5/5
  3532 | D:4      | Found a burning altar of Makhleb.
  3661 | D:4      | Killed from afar by an orc priest

Illustrated notes

Levels and vault maps discovered:
D:1:      minmay_arrival_floating_metal, layout_basic,
          shapermc_ecumenical_altar_mp_highgroup
D:2:      layout_rooms, serial_shops, shop, lemuel_old_faithful
D:3:      layout_loops_ring, serial_shops, shop_fountains, feat_on_display
D:4:      layout_gridville, grunt_temple_overflow_growth_and_decay,
          lemuel_doored_altar, minmay_temple_entry_tees, uniq_robin
Temple:   lightli_temple_of_artemis

Skill      XL: |  1  2  3  4  5 |
---------------+----------------+-----
Polearms       | 4 5 6 |  6.1
Fighting       | 4 |  4.7
Stealth        | 2 |  2.5
Armour         | 1 2 |  2.5
Dodging        | 4 |  4.1

Action                   |  1- 3 |  4- 6 || total
-------------------------+-------+-------++-------
Melee: Spear             |   128 |    11 ||   139
       Headbutt          |    13 |     8 ||    21
       Halberd           |       |    46 ||    46
  Use: Potion            |     2 |     3 ||     5
       Scroll            |       |     8 ||     8
 Stab: Sleeping          |     4 |       ||     4
Armor: Robe              |     5 |       ||     5
       Scale mail        |    23 |    18 ||    41
Dodge: Dodged            |    60 |    58 ||   118

Table legend: (Time is in decaauts)
 A = Elapsed time spent in this place.
 B = Non-inter-level travel time spent in this place.
 C = Inter-level travel time spent in this place.
 D = Time resting spent in this place.
 E = Time spent auto-exploring this place.
 F = Levels seen in this place.
 G = Mean time per level.
                   A        B        C        D        E       F      G
               +--------+--------+--------+--------+--------+-----+--------+
         Total |   3659 |   3602 |     57 |    105 |   3047 |   5 |  731.8 |
       Dungeon |   3516 |   3474 |     42 |    105 |   2940 |   4 |  879.0 |
        Temple |    142 |    127 |     15 |      0 |    107 |   1 |  142.0 |
               +--------+--------+--------+--------+--------+-----+--------+

Top non-repeatable levels by time:
     D:1: 1226 daAuts
     D:3: 1009 daAuts
     D:4: 663 daAuts
     D:2: 617 daAuts
  Temple: 142 daAuts
